AoeStats
← ramon_beas21

Arabian Desert

510282014Analyzed
1v1 RM · 19h ago on Sep 30, 2026· 25m 53s· 2 players
Game mode
Random Map
Map size
Tiny (2 player)
Population
200
Speed
Normal
Resources
Standard
Victory
Conquest
Starting age
Dark Age
Ending age
Imperial Age
RankedLock teamsTeams togetherTeam positionsShared explorationLock speedFull tech treeHidden civsTurbo modeCheats
Victory
Defeat
🇪🇸 Britons · Spain
467
+14
🇫🇷 Burgundians · France
416
-14
audreyroussel.83
7:40 Double-Bit Axe
14:45 Feudal Age
21:21 Castle Age
20:16 Fletching
21:53 Town Watch
ramon_beas21
0:29 Loom
12:23 Feudal Age
13:20 Man-at-Arms
14:40 Horse Collar
18:36 Arson
22:00 Padded Archer Armor
22:01 Scale Mail Armor
21:52 Fletching
25:44 Castle Age
Connection lost

Rejoining the realm…

Still unreachable

The connection could not be restored.

Session expired

The server has moved on; the page needs a fresh start.